 Dungeon Crawl Stone Soup version 0.24.0-2-g5b39cebb1c (webtiles) character file.

Game seed: 8925745455754190572, levelgen mode: deterministic

3939489 Nicoed the Axe Maniac (level 27, 250/273 HPs)
             Began as a Minotaur Fighter on Oct 30, 2019.
             Was the Champion of the Shining One.
             Escaped with the Orb
             ... and 5 runes!
             The game lasted 02:49:44 (53369 turns).

Nicoed the Axe Maniac (Minotaur Fighter)           Turns: 53369, Time: 02:49:45

Health: 250/273    AC: 53    Str: 43    XL:     27
Magic:  21/45      EV: 17    Int: 13    God:    the Shining One [******]
Gold:   1015       SH: 40    Dex: 21    Spells: 26/26 levels left

rFire    + + +     SeeInvis +   J - +9 broad axe (holy)
rCold    + + +     Gourm    .   X - +5 shield {rC+}
rNeg     + + +     Faith    .   y - +14 gold dragon scales of Fortitude {rElec rPois rF+ rC+ MP+9 Str+2}
rPois    +         Spirit   .   S - +2 hat {Int+3}
rElec    +         Reflect  .   P - +0 cloak of the Moon {*Slow rElec rF++ MR+}
rCorr    +         Harm     .   C - +0 pair of gloves of Untruth {Str+4 Slay+2 SInv}
MR       ++++.                  t - +2 pair of boots {run}
Stlth    ..........             Y - amulet "Ilov" {Acrobat rPois rC+ Str+2}
HPRegen  0.55/turn              j - ring of Mipuhohi {MR+ Dex+2}
MPRegen  0.29/turn              W - ring of resist corrosion

@: mighty, brilliant, agile, divine shield, resistant, flying, hasted, glowing,
studying Dodging, very quick
A: retaliatory headbutt, horns 2, talons 1, large bone plates 1, molten scales
1, no potion heal 1, sturdy frame 1
0: Orb of Zot
}: 5/15 runes: serpentine, barnacled, slimy, silver, abyssal
a: Divine Shield, Cleansing Flame, Summon Divine Warrior, Renounce Religion


You escaped.
You worshipped the Shining One.
The Shining One was exalted by your worship.
You were completely stuffed.

You visited 11 branches of the dungeon, and saw 55 of its levels.
You visited the Abyss 2 times.
You visited 1 bazaar.
You visited 1 ziggurat, and saw 1 of its levels.
You also visited: Ice Cave and Volcano.

You collected 7872 gold pieces.
You spent 6857 gold pieces at shops.

Inventory:

Hand Weapons
 J - a +9 broad axe of holy wrath (weapon)
Armour
 t - a +2 pair of boots of running (worn)
 y - the +14 gold dragon scales of Fortitude (worn) {rElec rPois rF+ rC+ MP+9 Str+2}
   (Okawaru gifted it to you on level 13 of the Dungeon)

   It affects your strength (+2).
   It protects you from fire.
   It protects you from cold.
   It insulates you from electricity.
   It protects you from poison.
   It affects your magic capacity (+9).
 C - the +0 pair of gloves of Untruth (worn) {Str+4 Slay+2 SInv}
   (You found it on level 5 of the Dungeon)

   It affects your strength (+4).
   It affects your accuracy and damage with ranged weapons and melee attacks
   (+2).
   It lets you see invisible.
 P - the +0 cloak of the Moon (worn) {*Slow rElec rF++ MR+}
   (You found it on level 3 of the Depths)

   It greatly protects you from fire.
   It insulates you from electricity.
   It affects your resistance to hostile enchantments.
   It may slow you when you take damage.
 S - a +2 hat of intelligence (worn)
 X - a +5 shield of cold resistance (worn)
Jewellery
 j - the ring of Mipuhohi (left hand) {MR+ Dex+2}
   (You acquired it on level 1 of the Realm of Zot)

   [ring of dexterity]

   It affects your dexterity (+2).
   It affects your resistance to hostile enchantments.
 W - a ring of resist corrosion (right hand)
 Y - the amulet "Ilov" (around neck) {Acrobat rPois rC+ Str+2}
   (You found it on level 5 of the Pits of Slime)

   [amulet of the acrobat]

   It helps you evade while moving and waiting.
   It affects your strength (+2).
   It protects you from cold.
   It protects you from poison.
Wands
 A - a wand of iceblast (68)
 F - a wand of digging (6)
 G - a wand of disintegration (39)
 K - a wand of acid (55)
 O - a wand of scattershot (19)
Scrolls
 b - a scroll of holy word
 g - 11 scrolls of enchant weapon
 i - 12 scrolls of identify
 k - 27 scrolls of remove curse
 n - 21 scrolls of teleportation
 o - 7 scrolls of immolation
 q - 12 scrolls of magic mapping
 r - 4 scrolls of brand weapon
 u - 13 scrolls of blinking
 M - 6 scrolls of enchant armour
 N - 4 scrolls of silence
 R - 5 scrolls of fear
Potions
 a - 10 potions of brilliance
 c - a potion of mutation (quivered)
 d - 5 potions of might
 e - 7 potions of cancellation
 h - 6 potions of magic
 l - 3 potions of ambrosia
 m - 3 potions of flight
 p - 4 potions of resistance
 s - 25 potions of curing
 z - 5 potions of agility
 B - 7 potions of berserk rage
 D - 6 potions of heal wounds
 Q - 3 potions of haste
Books
 Z - a manual of Dodging
Miscellaneous
 x - a lightning rod (4/4)
 E - a box of beasts
 H - a phial of floods
 L - a lamp of fire
Comestibles
 f - 71 rations


   Skills:
 O Level 27 Fighting
 O Level 27 Axes
 O Level 27 Armour
 + Level 3.3 Dodging
 O Level 27 Shields
 - Level 8.0 Invocations
 + Level 20.9 Evocations


You had 26 spell levels left.
You didn't know any spells.
Your spell library contained the following spells:

 Spells                   Type           Power        Failure   Level  Hunger
 Animate Skeleton         Necr           N/A          10%         1    ##.....
 Apportation              Tloc           #.....       10%         1    ##.....
 Beastly Appendage        Tmut           #.....       10%         1    ##.....
 Confusing Touch          Hex            #.....       10%         1    ##.....
 Corona                   Hex            #......      10%         1    ##.....
 Flame Tongue             Conj/Fire      #....        10%         1    ##.....
 Freeze                   Ice            #...         10%         1    ##.....
 Magic Dart               Conj           #...         10%         1    ##.....
 Sandblast                Erth           #.....       10%         1    ##.....
 Sting                    Conj/Pois      #...         10%         1    ##.....
 Summon Butterflies       Summ           #.......     10%         1    ##.....
 Summon Small Mammal      Summ           #...         10%         1    ##.....
 Blink                    Tloc           N/A          13%         2    ###....
 Call Imp                 Summ           #.......     13%         2    ###....
 Ensorcelled Hibernation  Hex/Ice        #.....       13%         2    ###....
 Passwall                 Tmut/Erth      #.......     13%         2    ###....
 Poisonous Vapours        Pois/Air       #.....       13%         2    ###....
 Searing Ray              Conj           #.....       13%         2    ###....
 Slow                     Hex            #.......     13%         2    ###....
 Sticks to Snakes         Tmut           #.......     13%         2    ###....
 Sublimation of Blood     Necr           #.........   13%         2    ###....
 Swiftness                Chrm/Air       #.......     13%         2    ###....
 Throw Flame              Conj/Fire      #.....       13%         2    ###....
 Throw Frost              Conj/Ice       #.....       13%         2    ###....
 Call Canine Familiar     Summ           #.......     24%         3    ####...
 Confuse                  Hex            #.......     24%         3    ####...
 Conjure Flame            Conj/Fire      #.......     24%         3    ####...
 Dazzling Spray           Conj/Hex       #.....       24%         3    ####...
 Gell's Gravitas          Tloc           #.........   24%         3    ####...
 Ignite Poison            Fire/Tmut/Pois #.......     24%         3    ####...
 Inner Flame              Hex/Fire       #.......     24%         3    ####...
 Mephitic Cloud           Conj/Pois/Air  #.......     24%         3    ####...
 Ozocubu's Armour         Chrm/Ice       #.......     24%         3    ####...
 Portal Projectile        Hex/Tloc       #.....       24%         3    ####...
 Recall                   Summ/Tloc      N/A          24%         3    ####...
 Spider Form              Tmut/Pois      #.........   24%         3    ####...
 Stone Arrow              Conj/Erth      #.....       24%         3    ####...
 Tukima's Dance           Hex            #.......     24%         3    ####...
 Animate Dead             Necr           N/A          56%         4    #####..
 Cause Fear               Hex            #.........   56%         4    #####..
 Force Lance              Conj/Tloc      #.......     56%         4    #####..
 Fulminant Prism          Conj/Hex       #.........   56%         4    #####..
 Ice Form                 Ice/Tmut       #.......     56%         4    #####..
 Iskenderun's Mystic Bla  Conj           #.......     56%         4    #####..
 Leda's Liquefaction      Hex/Erth       #.........   56%         4    #####..
 Olgreb's Toxic Radiance  Pois           #.......     56%         4    #####..
 Petrify                  Tmut/Erth      #.......     56%         4    #####..
 Sticky Flame             Conj/Fire      #.......     56%         4    #####..
 Summon Ice Beast         Ice/Summ       #.......     56%         4    #####..
 Summon Lightning Spire   Summ/Air       #.......     56%         4    #####..
 Throw Icicle             Conj/Ice       #.......     56%         4    #####..
 Alistair's Intoxication  Tmut/Pois      #.......     86%         5    ######.
 Blade Hands              Tmut           #.........   86%         5    ######.
 Bolt of Draining         Conj/Necr      #.........   86%         5    ######.
 Bolt of Magma            Conj/Fire/Erth #.........   86%         5    ######.
 Borgnjor's Vile Clutch   Necr/Erth      #.........   86%         5    ######.
 Fireball                 Conj/Fire      #.........   86%         5    ######.
 Irradiate                Conj/Tmut      #.........   86%         5    ######.
 Iskenderun's Battlesphe  Conj/Chrm      #.......     86%         5    ######.
 Lee's Rapid Deconstruct  Erth           #.........   86%         5    ######.
 Metabolic Englaciation   Hex/Ice        #.........   86%         5    ######.
 Silence                  Hex/Air        #.........   86%         5    ######.
 Summon Mana Viper        Hex/Summ       #.......     86%         5    ######.
 Venom Bolt               Conj/Pois      #.........   86%         5    ######.
 Yara's Violent Unravell  Hex/Tmut       #.........   86%         5    ######.
 Bolt of Cold             Conj/Ice       #.........   100%        6    #######
 Bolt of Fire             Conj/Fire      #.........   100%        6    #######
 Conjure Ball Lightning   Conj/Air       #.........   100%        6    #######
 Darkness                 Hex            #.........   100%        6    #######
 Death Channel            Necr           #.........   100%        6    #######
 Deflect Missiles         Chrm/Air       #.........   100%        6    #######
 Dispersal                Tloc           #.........   100%        6    #######
 Freezing Cloud           Conj/Ice/Air   #.........   100%        6    #######
 Invisibility             Hex            #.......     100%        6    #######
 Iron Shot                Conj/Erth      #.........   100%        6    #######
 Ozocubu's Refrigeration  Ice            #.........   100%        6    #######
 Poison Arrow             Conj/Pois      #.........   100%        6    #######
 Simulacrum               Ice/Necr       #.........   100%        6    #######
 Statue Form              Tmut/Erth      #........    100%        6    #######
 Dragon Form              Tmut           #.........   100%        7    #######
 Ring of Flames           Chrm/Fire      #.........   100%        7    #######
 Summon Hydra             Summ           #.........   100%        7    #######
 Chain Lightning          Conj/Air       #.........   100%        8    #######
 Controlled Blink         Tloc           N/A          100%        8    #######
 Discord                  Hex            #.........   100%        8    #######
 Disjunction              Tloc           #.........   100%        8    #######
 Ignition                 Fire           #.........   100%        8    #######
 Lehudib's Crystal Spear  Conj/Erth      #.........   100%        8    #######
 Dragon's Call            Summ           #.........   100%        9    #######
 Fire Storm               Conj/Fire      #.........   100%        9    #######
 Glaciate                 Conj/Ice       #.........   100%        9    #######
 Shatter                  Erth           #.........   100%        9    #######
 Tornado                  Air            #.........   100%        9    #######
 Passage of Golubria      Tloc           Unusable     N/A         4    N/A

Dungeon Overview and Level Annotations

Branches:
Dungeon (15/15)            Temple (1/1) D:5            Lair (6/6) D:10
 Shoals (4/4) Lair:2        Snake (4/4) Lair:4        Slime (5/5) Lair:5
    Orc (2/2) D:9             Elf (3/3) Orc:2        Vaults (5/5) D:14
  Crypt (0/3) Vaults:2     Depths (5/5) D:15            Zot (5/5) Depths:5
  IceCv (visited)         Volcano (visited)

Altars:
Ashenzari
Cheibriados
Dithmenos
Elyvilon
Fedhas
Gozag
Hepliaklqana
Kikubaaqudgha
Makhleb
Nemelex Xobeh
Okawaru
Qazlal
Ru
Sif Muna
Trog
Uskayaw
Vehumet
Wu Jian
Xom
Yredelemnul
Zin
The Shining One
Beogh

Shops:
D:5 !   D:7 ::%?*   D:12 :   Orc:2 *=:=   Shoals:1 ?   Shoals:3 *
Vaults:5 :!}[?%?%%%%?   Depths:5 }=}

Portals:
Hell: Depths:1 Depths:2 Depths:3 Depths:4 Depths:5
Abyss: Depths:1 Depths:2 Depths:4
Pandemonium: Depths:2 Depths:3


Innate Abilities, Weirdness & Mutations

You reflexively headbutt those who attack you in melee.
You have a pair of horns on your head.
You have sharp toenails.
You are partially covered in large bone plates. (SH +4)
You are partially covered in molten scales. (AC +2)
Potions are less effective at restoring your health.
Your movements are slightly less encumbered by armour. (ER -2)


Message History

Press: ? - help, Dir - move target cursor, f/p - daeva
Aim: a daeva, wielding a +4 eudemon blade of holy wrath and wearing a +0 large shield (friendly, summoned, haloed) Nothing appears to happen.
Evoke which item? (* to show all) (? for menu, Esc to quit)
Aiming: Phantom Mirror
Press: ? - help, Dir - move target cursor, f - angel, p - daeva
Aim: an angel, wielding a +2 whip of holy wrath and wearing a +0 robe (friendly, summoned, haloed)
You reflect your angel with the mirror, and the mirror shatters!
Evoke which item? (* to show all) (? for menu, Esc to quit)
Aiming: Phantom Mirror
Press: ? - help, Dir - move target cursor, f - angel, p - angel
Aim: an angel, wielding a +3 sacred scourge of holy wrath and wearing a +0 robe (friendly, summoned, haloed)
You reflect your angel with the mirror, and the mirror shatters!
Unknown command.
Unknown command.
Evoke which item? (* to show all) (? for menu, Esc to quit)
You open the lid... ...and an elder stingox beast leaps out!
Unknown command.
You have escaped!

....# #...♣ ....#
#...♣ ....# #...♣
...## ##...♣♣ ....#
##.....♣ ....#
##......♣♣ ....#
###8..8..8.♣
....####.'.....AAH♣♣
.........'....AA@AA♣
.........'.....AAA♣♣
....)....#8..8..8H♣
.........##.......♣
..........##......♣
..........###....♣♣
..........# #....♣
..........# #...♣♣
.........## #..♣♣


You could see 5 friendly daevas, 4 friendly angels and 2 friendly mutant beasts.

Vanquished Creatures
  the Royal Jelly (Slime:5)
  6 ancient liches
  7 orbs of fire
  The ghost of inmateoo the Axe Maniac, a veteran MiFi of Jiyva (Zot:5)
  Sojobo (Vaults:4)
  Frederick (Vaults:4)
  Saint Roka (Vaults:1)
  The ghost of Qiokh the Slayer, a veteran MiBe of Trog (Elf:2)
  2 Killer Klowns (Zot:5)
  A caustic shrike (Depths:3)
  Bai Suzhen (Snake:4)
  Vashnia (Snake:3)
  10 golden dragons
  2 curse toes
  2 profane servitors
  Jory (Depths:5)
  Nikola (Vaults:2)
  4 electric golems
  2 hellephants (Abyss:3)
  15 liches
  11 tentacled monstrosities
  25 Orb Guardians (Zot:5)
  2 Ice Fiends
  3 deep elf blademasters
  6 quicksilver dragons
  4 titans
  17 acid blobs
  11 death cobs
  5 tentacled starspawn (Abyss:1)
  3 sphinxes
  5 deep elf master archers
  A kraken (Shoals:1)
  Donald (Vaults:4)
  8 shadow dragons
  15 storm dragons
  7 draconian monks
  7 nagarajas
  11 azure jellies
  11 tengu reavers
  Ilsuiw (Shoals:4)
  6 deep elf sorcerers
  2 draconian knights (Zot:1)
  A revenant (Vaults:2)
  2 iron dragons (Vaults:5)
  22 fire giants
  19 frost giants
  7 draconian scorchers
  3 orc warlords
  2 ghost moths
  A ghost moth (shapeshifter) (Vaults:5)
  A balrug (Depths:4)
  12 vault wardens
  A curse skull (Vaults:2)
  7 draconian stormcallers
  21 ironheart preservers
  2 spriggan defenders (Depths:3)
  6 deep elf elementalists
  17 very ugly things
  3 cacodemons
  6 draconian shifters
  2 entropy weavers
  2 draconian annihilators (Zot:1)
  16 green draconians
  4 vampire knights
  A stone giant (shapeshifter) (Vaults:5)
  A war gargoyle (Vaults:2)
  29 stone giants
  A lorocyproca (Abyss:1)
  10 red draconians
  11 deep elf annihilators
  8 deep elf demonologists
  6 spark wasps
  14 yellow draconians
  6 dire elephants (Abyss:3)
  14 black draconians
  15 white draconians
  8 purple draconians
  Azrael (D:14)
  4 minotaurs
  17 ettins
  Snorg (Orc:1)
  10 merfolk javelineers
  2 jiangshi (Abyss:1)
  10 death oozes
  7 deep elf death magi
  12 merfolk impalers
  10 yaktaur captains
  10 fire dragons
  A hydra (shapeshifter) (Vaults:5)
  8 deep elf high priests
  35 vault guards
  9 ice dragons
  Erolcha (D:8)
  9 rakshasas
  7 hydras
  Harold (D:9)
  11 great orbs of eyes
  2 spriggan air magi
  2 merfolk avatars
  3 catoblepae (Lair:6)
  23 naga warriors
  5 anacondas
  27 ogre magi
  83 two-headed ogres
  14 centaur warriors
  4 death knights
  An anaconda (shapeshifter) (Elf:2)
  2 satyrs
  3 merfolk aquamancers (Shoals:4)
  4 deep troll earth magi
  5 tengu warriors
  4 hell hogs
  An orc high priest (Elf:1)
  An alligator snapping turtle (Shoals:3)
  7 deep troll shamans
  10 death yaks (Lair:6)
  9 shock serpents
  23 dancing weapons
  4 vampire magi
  3 thrashing horrors (Abyss:1)
  18 naga sharpshooters
  3 spriggan berserkers (Depths:3)
  25 deep elf knights
  4 salamander mystics
  A titan skeleton (Abyss:2)
  3 sun demons
  7 skeletal warriors
  6 wretched stars
  A fire crab (shapeshifter) (Vaults:1)
  A hell knight (Vaults:5)
  A shadow wraith (Vaults:2)
  8 sea snakes
  A sixfirhy (Depths:2)
  3 spatial maelstroms
  6 unseen horrors
  3 iron trolls (Depths:1)
  3 orange crystal statues
  22 deep trolls
  A deep troll (shapeshifter) (Vaults:5)
  2 unseen horrors (shapeshifter) (Elf:2)
  10 naga ritualists
  14 deep elf archers
  6 glowing orange brains
  A tengu zombie (Vaults:4)
  A sea snake (shapeshifter) (Vaults:3)
  5 wizards
  A shadow dragon zombie (Abyss:1)
  2 flayed ghosts
  24 harpies
  11 necromancers
  2 orb spiders (shapeshifter)
  16 ironbrand convokers
  4 obsidian statues
  17 orc knights
  Pikel (D:9)
  9 fauns
  4 mana vipers
  7 phantasmal warriors
  72 deep elf magi
  53 ugly things
  16 manticores
  A shining eye (shapeshifter) (Vaults:3)
  7 shining eyes
  7 cyclopes
  4 worldbinders (Abyss:1)
  25 large abominations
  22 moths of wrath
  2 oklob plants (Lair:5)
  11 orc sorcerers
  A mana viper (shapeshifter) (Vaults:5)
  14 salamanders
  4 starcursed masses (Abyss:1)
  21 merfolk sirens
  A fire giant skeleton (Vaults:4)
  3 wolf spiders
  32 black mambas
  4 elephants
  24 naga magi
  4 eyes of devastation
  8 smoke demons
  2 guardian serpents (shapeshifter)
  Maurice (D:12)
  An ice statue (IceCv)
  17 vault sentinels
  4 water nymphs
  3 guardian serpents
  Joseph (D:9)
  A torpor snail (Lair:6)
  2 gargoyles
  2 orange demons
  5 spiny frogs
  3 kobold demonologists (D:15)
  6 komodo dragons
  A yaktaur (shapeshifter) (Vaults:5)
  3 rime drakes
  A human zombie (Vaults:4)
  A spark wasp simulacrum (Depths:1)
  4 efreet
  A komodo dragon (shapeshifter) (Depths:3)
  50 yaktaurs
  8 ancient zymes
  2 anaconda simulacra (IceCv)
  12 freezing wraiths
  2 rime drakes (shapeshifter)
  A tormentor (D:10)
  A hellwing (Zot:4)
  2 red devils (Abyss:1)
  5 tengu conjurers
  8 ice devils
  A human skeleton (Vaults:4)
  3 meliai (D:14)
  2 polar bears
  A spriggan skeleton (Depths:1)
  12 trolls
  6 wind drakes
  A jumping spider (shapeshifter) (Elf:2)
  A golden dragon simulacrum (IceCv)
  A queen bee (shapeshifter) (Depths:2)
  48 merfolk
  A merfolk (shapeshifter) (Depths:3)
  13 blink frogs
  A wolf spider simulacrum (IceCv)
  16 snapping turtles
  5 hornets
  A spriggan zombie (Depths:1)
  10 raiju
  A raiju (shapeshifter) (Depths:2)
  81 slime creatures
  An ettin zombie (Abyss:1)
  7 hippogriffs
  13 dream sheep
  3 shadows
  A fire giant simulacrum (Abyss:1)
  6 redbacks
  3 air elementals (Elf:1)
  An ice dragon skeleton (Abyss:1)
  3 ynoxinuls
  12 water elementals
  3 dire elephant simulacra (IceCv)
  2 yaks (shapeshifter)
  A spriggan (D:12)
  A tarantella (shapeshifter) (Elf:2)
  6 wraiths
  2 tarantellas
  A human (shapeshifter) (Vaults:5)
  2 wyverns (D:13)
  A fire bat (shapeshifter) (Depths:4)
  7 fire elementals
  15 golden eyes
  2 human simulacra
  4 basilisks
  Grum (D:9)
  8 fire bats
  3 neqoxecs
  43 yaks
  6 chaos spawn
  2 vampire mosquitoes (D:15)
  3 iron troll simulacra (IceCv)
  A yaktaur simulacrum (Depths:1)
  7 spatial vortices (Abyss:3)
  A soldier ant (D:13)
  7 wargs
  6 hydra simulacra (IceCv)
  An acid dragon (D:14)
  4 harpy simulacra (IceCv)
  73 nagas
  5 water moccasins
  A water moccasin (shapeshifter) (Elf:2)
  A floating eye (shapeshifter) (Vaults:5)
  A floating eye (Depths:2)
  5 porcupines
  7 hell hounds
  6 sky beasts
  4 ice beasts
  44 orc warriors
  3 phantoms
  89 ogres
  5 eyes of draining
  An eye of draining (shapeshifter) (Elf:2)
  3 wolves (D:9)
  13 boggarts
  31 centaurs
  10 crocodiles
  6 big kobolds
  A wyvern zombie (D:11)
  17 bullfrogs
  6 earth elementals
  A gnoll sergeant (D:10)
  A wyvern skeleton (D:14)
  8 scorpions
  An elf simulacrum (Vaults:2)
  24 killer bees
  11 wights
  6 electric eels
  4 howler monkeys
  4 bullfrog zombies
  4 centaur zombies
  8 crimson imps
  4 draconian simulacra (IceCv)
  5 lava snakes (Volcano)
  6 quasits
  16 small abominations
  3 hounds
  20 orc priests
  33 orc wizards
  13 jellies
  3 bullfrog skeletons
  4 centaur skeletons
  3 iron imps (Abyss:1)
  Crazy Yiuf (D:7)
  Ijyb (D:4)
  An iguana (shapeshifter) (Vaults:5)
  Natasha (thrice) (D:3)
  A spriggan simulacrum (IceCv)
  A lightning spire (Zot:1)
  4 polar bear simulacra
  13 worker ants
  6 yak simulacra (Lair:6)
  A troll simulacrum (IceCv)
  3 centaur simulacra (IceCv)
  3 hound zombies
  A worker ant zombie (D:10)
  11 gnolls
  A howler monkey zombie (D:10)
  18 adders
  3 naga simulacra (IceCv)
  3 shadow imps
  13 white imps
  11 ufetubi
  4 oozes
  2 dart slugs
  2 worms
  8 leopard geckos
  103 orcs
  A ball python (D:1)
  8 bats
  5 giant cockroaches
  12 goblins
  9 hobgoblins
  9 jackals
  6 quokkas
  15 frilled lizards
  50 kobolds
  A quokka skeleton (D:4)
  6 rats
  2 river rat simulacra (Lair:6)
  2 fungi
  3 plants
  2 starspawn tentacles (Abyss:1)
  4 tentacles (Shoals:1)
2912 creatures vanquished.

Vanquished Creatures (collateral kills)
  A reaper (D:1)
1 creature vanquished.

Vanquished Creatures (others)
  A frost giant (Depths:3)
  A war gargoyle (Vaults:5)
  An orc knight (Vaults:2)
  A merfolk (Shoals:4)
  A basilisk (shapeshifter) (Depths:5)
  A hell hound (Abyss:2)
  An orc warrior (Vaults:1)
  2 slaves (D:9)
  An orc priest (Depths:2)
  A white imp (Depths:2)
  4 orcs
  10 plants
  11 starspawn tentacles (Abyss:1)
  6 tentacles (Shoals:1)
42 creatures vanquished.

Grand Total: 2955 creatures vanquished

Notes
Turn   | Place    | Note
-------+----------+-------------------------------------------
     0 | D:1      | Nicoed the Minotaur Fighter began the quest for the Orb.
     0 | D:1      | Reached XP level 1. HP: 19/19 MP: 0/0
    78 | D:1      | Reached XP level 2. HP: 24/27 MP: 1/1
   373 | D:1      | Reached XP level 3. HP: 33/33 MP: 2/2
   540 | D:2      | Found a white marble altar of Elyvilon.
   850 | D:2      | Found a faded altar of an unknown god.
   889 | D:2      | Reached XP level 4. HP: 38/40 MP: 3/3
  1100 | D:2      | Reached skill level 5 in Axes
  1593 | D:3      | Reached XP level 5. HP: 41/46 MP: 4/4
  1832 | D:3      | Noticed Natasha
  1840 | D:3      | Killed Natasha
  2001 | D:3      | Noticed Natasha
  2006 | D:3      | Killed Natasha
  2204 | D:3      | Noticed Natasha
  2210 | D:3      | Killed Natasha
  2550 | D:4      | Reached XP level 6. HP: 52/52 MP: 5/5
  2672 | D:4      | Reached XP level 7. HP: 32/59 MP: 6/6
  2873 | D:4      | Noticed Ijyb
  2880 | D:4      | Killed Ijyb
  2995 | D:4      | Found a shimmering altar of Xom.
  2996 | D:4      | Found a burning altar of Makhleb.
  3136 | D:5      | Entered Level 5 of the Dungeon
  3186 | D:5      | Found a staircase to the Ecumenical Temple.
  3203 | Temple   | Entered the Ecumenical Temple
  3263 | Temple   | Became a worshipper of Warmaster Okawaru
  3299 | D:5      | Got a pair of smoking gloves
  3310 | D:5      | Identified the +0 pair of gloves of Untruth {Str+4 Slay+2
                  | SInv} (You found it on level 5 of the Dungeon)
  3390 | D:5      | Found a transporter.
  3401 | D:5      | Noticed a fire bat
  3401 | D:5      | Noticed a fire bat
  3510 | D:5      | Reached skill level 10 in Axes
  3535 | D:5      | Found Utuitoal's Distillery.
  3625 | D:5      | Found a transporter.
  3651 | D:5      | Reached * piety under Okawaru
  3651 | D:5      | Reached XP level 8. HP: 52/66 MP: 7/7
  3756 | D:5      | Found a shattered altar of Ashenzari.
  4260 | D:6      | Got a slimy hand axe
  4261 | D:6      | Identified the +5 hand axe of Rotidy {antimagic, Int+3
                  | Dex+2} (You found it on level 6 of the Dungeon)
  4519 | D:7      | Reached ** piety under Okawaru
  4523 | D:7      | Found Soxonoul's Magic Scroll Boutique.
  4571 | D:7      | Found Julae's Food Emporium.
  4668 | D:7      | Found Conofu's Book Shop.
  4770 | D:7      | Found Paplo's Book Shop.
  4915 | D:7      | Found Vacun's General Store.
  5051 | D:7      | Found a runed translucent door.
  5052 | D:7      | Noticed Crazy Yiuf
  5454 | D:7      | Killed Crazy Yiuf
  5454 | D:7      | Reached XP level 9. HP: 62/71 MP: 2/8
  5557 | D:8      | Found a radiant altar of Vehumet.
  5658 | D:8      | Found a stormy altar of Qazlal.
  5709 | D:8      | Found a hide-covered altar of Uskayaw.
  5778 | D:8      | Found a glowing golden altar of the Shining One.
  5957 | D:8      | Reached *** piety under Okawaru
  6001 | D:9      | Noticed Harold
  6001 | D:9      | Noticed Joseph
  6034 | D:9      | Noticed Grum
  6046 | D:9      | Reached skill level 1 in Invocations
  6051 | D:9      | Noticed Erolcha
  6342 | D:8      | Killed Erolcha
  6342 | D:8      | Reached **** piety under Okawaru
  6342 | D:8      | Reached skill level 5 in Armour
  6342 | D:8      | Reached skill level 5 in Shields
  6488 | D:9      | Reached skill level 1 in Dodging
  6488 | D:9      | Reached XP level 10. HP: 75/80 MP: 3/10
  6493 | D:9      | Killed Grum
  6632 | D:9      | Reached skill level 15 in Axes
  6640 | D:9      | Killed Harold
  6640 | D:9      | Reached ***** piety under Okawaru
  6640 | D:9      | Reached skill level 5 in Fighting
  6834 | D:9      | Killed Joseph
  6868 | D:9      | Noticed Pikel
  6874 | D:9      | Killed Pikel
  6922 | D:9      | Found a staircase to the Orcish Mines.
  6962 | D:9      | Reached skill level 1 in Evocations
  7151 | D:9      | Received a gift from Okawaru
  7291 | D:10     | Entered Level 10 of the Dungeon
  7527 | D:10     | Reached XP level 11. HP: 84/89 MP: 4/13
  7537 | D:10     | Found a staircase to the Lair.
  7735 | D:10     | Got a scintillating jade amulet
  8027 | Lair:1   | Entered Level 1 of the Lair of Beasts
  8399 | Lair:1   | Identified the amulet of Moodiness {Acrobat rElec} (You
                  | found it on level 10 of the Dungeon)
  8949 | Lair:2   | Received a gift from Okawaru
  8949 | Lair:2   | Reached skill level 5 in Invocations
  9004 | Lair:2   | Reached ****** piety under Okawaru
  9064 | Lair:2   | Found a staircase to the Shoals.
  9278 | Lair:2   | Noticed a seven-headed hydra
  9290 | Lair:2   | Killed an 11-headed hydra
  9290 | Lair:2   | Received a gift from Okawaru
  9721 | Lair:3   | Received a gift from Okawaru
  9721 | Lair:3   | Reached XP level 12. HP: 73/100 MP: 5/15
 10417 | Lair:4   | Noticed a five-headed hydra
 10421 | Lair:4   | Killed a five-headed hydra
 10675 | Lair:4   | Found a staircase to the Snake Pit.
 10997 | Lair:5   | Noticed a four-headed hydra
 11007 | Lair:5   | Killed a seven-headed hydra
 11007 | Lair:5   | Received a gift from Okawaru
 11028 | Lair:5   | Identified a +1 pair of boots of running (Okawaru gifted it
                  | to you on level 5 of the Lair of Beasts)
 11034 | Lair:5   | Found a dark tunnel.
 11141 | Volcano  | Entered a volcano
 11201 | Volcano  | Noticed a red draconian
 11217 | Volcano  | Killed a red draconian
 11221 | Volcano  | Found a bloodstained altar of Trog.
 11234 | Volcano  | Noticed a centaur warrior
 11246 | Volcano  | Killed a centaur warrior
 11246 | Volcano  | Reached skill level 10 in Armour
 11246 | Volcano  | Reached skill level 10 in Shields
 11480 | Lair:5   | Found a staircase to the Slime Pits.
 11488 | Lair:5   | Reached XP level 13. HP: 74/110 MP: 17/17
 12051 | Lair:6   | Entered Level 6 of the Lair of Beasts
 12148 | Lair:6   | Received a gift from Okawaru
 12161 | Lair:6   | Got a smoking chain mail {god gift}
 12172 | Lair:6   | Identified the +0 chain mail "Biod Uts" {rElec Dex+3}
                  | (Okawaru gifted it to you on level 6 of the Lair of Beasts)
 13329 | Lair:6   | Reached skill level 10 in Fighting
 13374 | Lair:6   | Received a gift from Okawaru
 14257 | Orc:1    | Entered Level 1 of the Orcish Mines
 14322 | Orc:1    | Noticed an orc warlord
 14428 | D:9      | Killed an orc warlord
 14428 | D:9      | Reached XP level 14. HP: 111/122 MP: 12/19
 14738 | Orc:2    | Entered Level 2 of the Orcish Mines
 14807 | Orc:2    | Found a staircase to the Elven Halls.
 14868 | Orc:1    | Noticed Snorg
 14873 | Orc:1    | Killed Snorg
 15129 | Orc:2    | Found Niereu's Jewellery Emporium.
 15129 | Orc:2    | Found Gupraika's Jewellery Boutique.
 15129 | Orc:2    | Found Radaufod's Book Boutique.
 15129 | Orc:2    | Found Utsuanyu's Assorted Antiques.
 15134 | Orc:2    | Received a gift from Okawaru
 15315 | Orc:2    | Bought a purple potion for 24 gold pieces
 15320 | Orc:2    | Bought the ring "Utoittih" {*Slow rPois rF+ Str+3 Int+2}
                  | for 505 gold pieces
 15323 | Orc:2    | Bought the ring "Egrics" {rElec MR+ SInv} for 475 gold
                  | pieces
 15447 | Orc:2    | Found a roughly hewn altar of Beogh.
 15717 | Orc:2    | Found a roughly hewn altar of Beogh.
 15819 | Orc:1    | Found a roughly hewn altar of Beogh.
 16434 | D:11     | Received a gift from Okawaru
 17079 | D:12     | You fall into a shaft and drop 1 floor!
 17168 | D:13     | Received a gift from Okawaru
 17171 | D:13     | Got ichor-stained gold dragon scales {god gift}
 17182 | D:13     | Identified the +14 gold dragon scales of Fortitude {rElec
                  | rPois rF+ rC+ MP+9 Str+2} (Okawaru gifted it to you on
                  | level 13 of the Dungeon)
 17269 | D:13     | Reached XP level 15. HP: 115/134 MP: 20/20
 17972 | D:12     | Noticed Maurice
 17982 | D:12     | Killed Maurice
 18080 | D:12     | Found Docrof's Book Shop.
 18394 | D:14     | Noticed Azrael
 18403 | D:14     | Killed Azrael
 18403 | D:14     | Received a gift from Okawaru
 18407 | D:14     | Identified the +1 hand axe of Fury {venom, +Fly rC++}
                  | (Okawaru gifted it to you on level 14 of the Dungeon)
 18599 | D:14     | Found a gate to the Vaults.
 18635 | D:14     | Received a gift from Okawaru
 19541 | D:15     | Entered Level 15 of the Dungeon
 19759 | D:15     | Identified a scroll of acquirement
 20141 | D:8      | Fell from the grace of Okawaru
 20141 | D:8      | Became a worshipper of the Shining One
 20349 | D:15     | Identified the +5 demon blade of Saurph {antimagic, rElec}
                  | (You found it on level 15 of the Dungeon)
 20416 | D:15     | Found a staircase to the Depths.
 20571 | D:15     | Reached XP level 16. HP: 76/146 MP: 19/21
 20691 | D:15     | Noticed a titan
 20699 | D:15     | Killed a titan
 21366 | Depths:1 | Entered Level 1 of the Depths
 21530 | Depths:1 | Found a gateway to a ziggurat.
 21538 | Depths:1 | Reached * piety under the Shining One
 21572 | Depths:1 | Noticed a lich
 21588 | Depths:1 | Killed a lich
 21624 | Depths:1 | Found a gateway to Hell.
 22014 | Depths:1 | Noticed a deep elf master archer
 22014 | Depths:1 | Killed a deep elf master archer
 22049 | Depths:1 | Found a one-way gate to the infinite horrors of the Abyss.
 22243 | Depths:1 | Reached skill level 15 in Fighting
 22366 | Depths:1 | Reached ** piety under the Shining One
 22790 | Depths:2 | Found the +9 staff of Olgreb {rPois}
 22801 | Depths:2 | Reached XP level 17. HP: 139/156 MP: 22/22
 22806 | Depths:2 | Reached *** piety under the Shining One
 22957 | Depths:2 | Noticed a lich
 22962 | Depths:2 | Killed a lich
 22978 | Depths:2 | Paralysed by a floating eye for 2 turns
 22987 | Depths:2 | Paralysed by a floating eye for 2 turns
 23025 | Depths:2 | Noticed a lich
 23033 | Depths:2 | Killed a lich
 23039 | Depths:2 | Noticed a lich
 23040 | Depths:2 | Noticed a lich
 23054 | Depths:2 | Killed a lich
 23054 | Depths:2 | Killed a lich
 23067 | Depths:2 | Reached **** piety under the Shining One
 23293 | Depths:2 | Noticed a titan
 23300 | Depths:2 | Killed a titan
 23324 | Depths:2 | Noticed a titan
 23334 | Depths:2 | Killed a titan
 23413 | Depths:2 | Noticed a deep elf master archer
 23422 | Depths:2 | Killed a deep elf master archer
 23980 | Depths:2 | Found a one-way gate leading to the halls of Pandemonium.
 23986 | Depths:2 | Reached XP level 18. HP: 160/168 MP: 23/23
 24009 | Depths:2 | Reached ***** piety under the Shining One
 24125 | Depths:2 | You fall into a shaft and drop 1 floor!
 24148 | Depths:3 | Found a gateway to a bazaar.
 24157 | Bazaar   | Entered a bazaar
 24158 | Bazaar   | Found Vobb's Antique Weapon Emporium.
 24172 | Bazaar   | Found Cebb's Antique Armour Emporium.
 24178 | Bazaar   | Found Zexysoat's Antique Weapon Shop.
 24187 | Bazaar   | Found Uwauhaix's Book Boutique.
 24192 | Bazaar   | Found Bimurrat's Food Emporium.
 24225 | Bazaar   | Bought a fine broad axe for 270 gold pieces
 24225 | Bazaar   | Identified the +8 broad axe "Ruonez" {chop, *Noise Int+4
                  | SInv} (You bought it in a shop in a bazaar)
 24372 | Depths:3 | Reached skill level 15 in Shields
 24624 | Depths:3 | Noticed a lich
 24629 | Depths:3 | Noticed a lich
 24635 | Depths:3 | Killed a lich
 24639 | Depths:3 | Killed a lich
 24710 | Depths:3 | Noticed a tentacled monstrosity
 24716 | Depths:3 | Noticed a caustic shrike
 24721 | Depths:3 | Killed a tentacled monstrosity
 24736 | Depths:3 | Killed a caustic shrike
 24818 | Depths:3 | Noticed a lich
 24831 | Depths:3 | Killed a lich
 25029 | Depths:3 | Was forgiven by Okawaru
 25216 | Depths:3 | Noticed a golden dragon
 25222 | Depths:3 | Killed a golden dragon
 25295 | Depths:3 | Got a spiked cloak
 25306 | Depths:3 | Identified the +0 cloak of the Moon {*Slow rElec rF++ MR+}
                  | (You found it on level 3 of the Depths)
 25550 | Depths:3 | Identified the cursed +0 plate armour of the Desolation of
                  | Salt {rC+}
 26053 | Depths:4 | Reached XP level 19. HP: 150/179 MP: 24/24
 26514 | Depths:4 | Reached ****** piety under the Shining One
 26632 | Depths:4 | Found a shimmering altar of Xom.
 26731 | Depths:5 | Entered Level 5 of the Depths
 26783 | Depths:5 | Noticed Jory
 26859 | Depths:5 | Killed Jory
 27184 | Depths:5 | Found Mirosouv's Gadget Boutique.
 27184 | Depths:5 | Found Rooduth's Jewellery Shoppe.
 27185 | Depths:5 | Found Rodeh's Gadget Boutique.
 27192 | Depths:5 | Bought an uncursed ring of protection from magic for 400
                  | gold pieces
 27258 | Depths:5 | Noticed a golden dragon
 27266 | Depths:5 | Killed a golden dragon
 27270 | Depths:5 | Reached skill level 15 in Armour
 27318 | Depths:5 | Cast into level 3 of the Abyss (purple draconian)
 27611 | Depths:5 | Escaped the Abyss
 27853 | Depths:5 | Found a gate to the Realm of Zot.
 28171 | Elf:1    | Entered Level 1 of the Elven Halls
 28195 | Elf:1    | Found a radiant altar of Vehumet.
 28282 | Elf:1    | Identified the +4 trident of the Median {antimagic, rC-
                  | Int+2 SInv} (You found it on level 1 of the Elven Halls)
 28331 | Elf:1    | Gained mutation: You are somewhat resistant to further
                  | mutation. [a neqoxec]
 28775 | Elf:2    | Found a runed translucent gate.
 28775 | Elf:2    | Found a runed translucent gate.
 28775 | Elf:2    | Found a runed translucent gate.
 28788 | Elf:2    | Reached XP level 20. HP: 191/191 MP: 25/25
 28799 | Elf:2    | Found a runed translucent gate.
 28799 | Elf:2    | Found a runed translucent gate.
 28801 | Elf:2    | Noticed Qiokh's ghost (veteran MiBe)
 28803 | Elf:2    | Found a runed translucent gate.
 28846 | Elf:2    | Killed Qiokh's ghost
 28876 | Elf:2    | Got a pair of scorched boots
 28879 | Elf:2    | Gained mutation: You occasionally shout uncontrollably at
                  | your foes. [mutagenic glow]
 28890 | Elf:2    | Identified the +2 pair of boots "Qucalerph" {rElec} (You
                  | found it on level 2 of the Elven Halls)
 29101 | Elf:2    | Gained mutation: You are clumsy. (Dex -2) [mutagenic glow]
 29185 | Elf:2    | Found a runed translucent gate.
 29185 | Elf:2    | Found a runed translucent gate.
 29185 | Elf:2    | Found a runed translucent gate.
 29436 | Elf:2    | Reached skill level 27 in Axes
 29748 | Elf:3    | Entered Level 3 of the Elven Halls
 30452 | Elf:3    | Identified the ring of the Sun {+Fly rF+++ Str-5 Dex+6}
 30485 | Elf:3    | Reached XP level 21. HP: 194/202 MP: 26/26
 30560 | Elf:3    | Identified the ring of Descent {MP+9 Int+5 SInv}
 30562 | Elf:3    | Identified the +9 scythe of Dawn {freeze, Int+4}
 30606 | Elf:3    | Identified the Almanac of Confrontation
 30625 | Elf:3    | Identified the +6 scythe of Desertification {flame, rN+
                  | Str+2} (You found it on level 3 of the Elven Halls)
 30733 | Elf:3    | Identified Qenoet's Volume of the Rocks
 31166 | Snake:1  | Entered Level 1 of the Snake Pit
 31205 | Snake:1  | Found a frozen archway.
 31212 | IceCv    | Entered an ice cave
 31695 | IceCv    | Identified a +1 pair of boots of running (You found it in
                  | an ice cave)
 32102 | Snake:1  | Identified the +5 quarterstaff "Reulir" {venom, rF+ MR+}
 32503 | Snake:1  | Got a smoking tin ring
 32504 | Snake:1  | Identified the ring of Ishriquzo {Fire rN+ Int+3 Slay-5}
                  | (You found it on level 1 of the Snake Pit)
 33541 | Snake:3  | Noticed Vashnia
 33579 | Snake:3  | Killed Vashnia
 34029 | Snake:3  | Found a transporter.
 34030 | Snake:3  | Found a transporter.
 34322 | Snake:4  | Entered Level 4 of the Snake Pit
 34733 | Snake:4  | Noticed Bai Suzhen
 34754 | Snake:4  | Killed Bai Suzhen
 34777 | Snake:4  | Reached XP level 22. HP: 160/215 MP: 27/27
 35066 | Snake:4  | Got a serpentine rune of Zot
 35343 | D:12     | Bought a manual of Fighting for 1545 gold pieces
 35463 | Shoals:1 | Entered Level 1 of the Shoals
 35530 | Shoals:1 | Found Gyxiwk's Magic Scroll Emporium.
 35544 | Shoals:1 | Bought a scroll of identify for 32 gold pieces
 35544 | Shoals:1 | Bought 3 scrolls of blinking for 360 gold pieces
 35544 | Shoals:1 | Bought a scroll of identify for 32 gold pieces
 35544 | Shoals:1 | Bought a scroll of teleportation for 48 gold pieces
 37369 | Shoals:3 | Found Himnun's Assorted Antiques.
 37394 | Shoals:3 | Bought a scroll of identify for 58 gold pieces
 37394 | Shoals:3 | Bought a scroll of identify for 58 gold pieces
 37394 | Shoals:3 | Bought a scroll of identify for 58 gold pieces
 37394 | Shoals:3 | Bought a scroll labeled INGOIBL ROFF for 29 gold pieces
 37395 | Shoals:3 | Bought a scroll of teleportation for 87 gold pieces
 37556 | Shoals:4 | Entered Level 4 of the Shoals
 37642 | Shoals:4 | HP: 11/220 [merfolk javelineer/javelin (16)]
 37862 | Shoals:4 | Noticed Ilsuiw
 37893 | Shoals:4 | Killed Ilsuiw
 38159 | Shoals:4 | Got a barnacled rune of Zot
 38501 | Shoals:4 | Identified the +8 scimitar "Woix" {elec, rF++ Int-2}
 38757 | Shoals:4 | Identified the +3 pair of gloves "Mubrali" {Dex+4 SInv}
                  | (You found it on level 4 of the Shoals)
 38969 | Slime:1  | Entered Level 1 of the Pits of Slime
 38979 | Slime:1  | Gained mutation: You tend to lose your temper in combat. [a
                  | shining eye]
 39061 | Slime:1  | Gained mutation: You are weak. (Str -2) [a shining eye]
 39063 | Slime:1  | Gained mutation: Your body sometimes deteriorates upon
                  | taking damage. [a shining eye]
 39066 | Slime:1  | Gained mutation: You are frail. (-10% HP) [a shining eye]
 39322 | Slime:3  | Reached XP level 23. HP: 173/206 MP: 28/28
 39711 | Slime:5  | Entered Level 5 of the Pits of Slime
 39740 | Slime:5  | Noticed the Royal Jelly
 39751 | Slime:5  | Killed the Royal Jelly
 39805 | Slime:5  | Identified the cursed +0 trident of Mandamus {flame, rC+
                  | Int+3} (You found it on level 5 of the Pits of Slime)
 39815 | Slime:5  | Identified the +0 cloak "Rutu" {rElec Dex+5} (You found it
                  | on level 5 of the Pits of Slime)
 39835 | Slime:5  | Got a brightly glowing pewter amulet
 39836 | Slime:5  | Identified the amulet "Ilov" {Acrobat rPois rC+ Str+2} (You
                  | found it on level 5 of the Pits of Slime)
 39905 | Slime:5  | Got a slimy rune of Zot
 39990 | Slime:4  | Gained mutation: Your magical capacity is low. (-10% MP) [a
                  | shining eye]
 40056 | Lair:5   | Lost mutation: You are clumsy. (Dex -2) [potion of
                  | mutation]
 40056 | Lair:5   | Lost mutation: You tend to lose your temper in combat.
                  | [potion of mutation]
 40056 | Lair:5   | Lost mutation: You are somewhat resistant to further
                  | mutation. [potion of mutation]
 40056 | Lair:5   | Gained mutation: You have sharp toenails. [potion of
                  | mutation]
 40060 | Lair:5   | Lost mutation: You are frail. (-10% HP) [potion of
                  | mutation]
 40060 | Lair:5   | Lost mutation: Your body sometimes deteriorates upon taking
                  | damage. [potion of mutation]
 40060 | Lair:5   | Lost mutation: You occasionally shout uncontrollably at
                  | your foes. [potion of mutation]
 40060 | Lair:5   | Gained mutation: Your skin changes colour to match your
                  | surroundings (Stealth+). [potion of mutation]
 40060 | Lair:5   | Gained mutation: You are frail. (-10% HP) [potion of
                  | mutation]
 40060 | Lair:5   | Gained mutation: Your spells are a little harder to cast,
                  | but a little more powerful. [potion of mutation]
 40063 | Lair:5   | Lost mutation: You are frail. (-10% HP) [potion of
                  | mutation]
 40063 | Lair:5   | Lost mutation: Your spells are a little harder to cast, but
                  | a little more powerful. [potion of mutation]
 40063 | Lair:5   | Lost mutation: You are weak. (Str -2) [potion of mutation]
 40063 | Lair:5   | Gained mutation: Your body sometimes deteriorates upon
                  | taking damage. [potion of mutation]
 40063 | Lair:5   | Gained mutation: You have a pair of large horns on your
                  | head. [potion of mutation]
 40063 | Lair:5   | Gained mutation: You are robust. (+10% HP) [potion of
                  | mutation]
 40064 | Lair:5   | Lost mutation: Your body sometimes deteriorates upon taking
                  | damage. [potion of mutation]
 40064 | Lair:5   | Lost mutation: You have sharp toenails. [potion of
                  | mutation]
 40064 | Lair:5   | Lost mutation: You have a pair of large horns on your head.
                  | [potion of mutation]
 40064 | Lair:5   | Lost mutation: Your magical capacity is low. (-10% MP)
                  | [potion of mutation]
 40064 | Lair:5   | Gained mutation: You are resistant to hostile enchantments.
                  | (MR+) [potion of mutation]
 40064 | Lair:5   | Gained mutation: You are very robust. (+20% HP) [potion of
                  | mutation]
 40262 | Vaults:1 | Entered Level 1 of the Vaults
 40901 | Vaults:1 | Noticed Saint Roka
 40919 | Vaults:1 | Killed Saint Roka
 41380 | Vaults:2 | Reached XP level 24. HP: 294/294 MP: 28/28
 41750 | Vaults:2 | Noticed Nikola
 41754 | Vaults:2 | Found a staircase to the Crypt.
 41764 | Vaults:2 | Killed Nikola
 42798 | Vaults:3 | Reached skill level 27 in Fighting
 43590 | Vaults:4 | Noticed Donald
 43602 | Vaults:4 | Killed Donald
 43917 | Vaults:4 | Noticed Frederick
 43926 | Vaults:4 | Killed Frederick
 43937 | Vaults:4 | Reached XP level 25. HP: 308/308 MP: 28/28
 44263 | Vaults:4 | Noticed Sojobo
 44270 | Vaults:4 | Killed Sojobo
 44645 | Vaults:5 | Entered Level 5 of the Vaults
 44707 | Vaults:5 | Reached skill level 27 in Shields
 45060 | Vaults:5 | Found Diososuq's Antique Armour Boutique.
 45111 | Vaults:5 | Found Ohaujayc's Distillery.
 45115 | Vaults:5 | Bought a potion of agility for 60 gold pieces
 45115 | Vaults:5 | Bought a potion of curing for 45 gold pieces
 45115 | Vaults:5 | Bought a potion of heal wounds for 75 gold pieces
 45116 | Vaults:5 | Found Goratsiru's Gadget Shop.
 45128 | Vaults:5 | Found Hucattuo's Book Emporium.
 45191 | Vaults:5 | Reached XP level 26. HP: 303/319 MP: 28/28
 45293 | Vaults:5 | Identified The Last Handbook of the Blind Seer
 45510 | Vaults:5 | Found Baraului's Magic Scroll Boutique.
 45514 | Vaults:5 | Bought a scroll of acquirement for 1092 gold pieces
 45514 | Vaults:5 | Bought a scroll of blinking for 157 gold pieces
 45514 | Vaults:5 | Bought a scroll of fear for 73 gold pieces
 45524 | Vaults:5 | Found Xattizotol's Food Shop.
 45532 | Vaults:5 | Got a silver rune of Zot
 45547 | Vaults:5 | Found Ehatoaloff's Food Shoppe.
 45565 | Vaults:5 | Found Cen Genoco's Magic Scroll Boutique.
 45565 | Vaults:5 | Found Peraut's Food Shoppe.
 45571 | Vaults:5 | Bought a scroll of teleportation for 51 gold pieces
 45571 | Vaults:5 | Bought a scroll of blinking for 127 gold pieces
 45577 | Vaults:5 | Found Welamoel's Magic Scroll Shop.
 45585 | Vaults:5 | Bought a scroll of acquirement for 1196 gold pieces
 45597 | Vaults:5 | Found Umnau's Food Emporium.
 45597 | Vaults:5 | Found Ineun's Food Shop.
 45777 | Vaults:5 | Identified the +4 long sword of Causality {pain, rF++
                  | Int-3}
 45777 | Vaults:5 | Identified the +6 buckler of Hetaruq {rElec rC- Str+8
                  | Stlth+}
 46250 | Depths:1 | Voluntarily entered the Abyss.
 46535 | Abyss:1  | Found a blossoming altar of Fedhas.
 46575 | Abyss:1  | Identified a +9 broad axe of holy wrath (a +9 broad axe of
                  | flaming blessed by the Shining One)
 46575 | Abyss:1  | Received a gift from the Shining One
 46663 | Abyss:1  | Identified the cursed ring of Taubbabb {*Drain rF+++ rN+++
                  | AC-3 Dex-4} (You found it on level 1 of the Abyss)
 46833 | Abyss:1  | Found a corrupted altar of Lugonu.
 47286 | Abyss:3  | Found a corrupted altar of Lugonu.
 47299 | Abyss:3  | Found a corrupted altar of Lugonu.
 47383 | Abyss:3  | Got an abyssal rune of Zot
 47428 | Depths:1 | Escaped the Abyss
 48152 | Zig:1    | Entered Level 1 of a ziggurat
 48278 | Zot:1    | Entered Level 1 of the Realm of Zot
 48294 | Zot:1    | Reached skill level 27 in Armour
 48298 | Zot:1    | Reached skill level 5 in Evocations
 48409 | Zot:1    | Reached XP level 27. HP: 255/327 MP: 28/28
 48726 | Zot:1    | Identified the amulet "Igoufy" {Gourm MR+} (You acquired it
                  | on level 1 of the Realm of Zot)
 48729 | Zot:1    | Identified the ring "Qyweakan" {Str+2 Dex+3 Stlth+} (You
                  | acquired it on level 1 of the Realm of Zot)
 48732 | Zot:1    | Identified the ring of Mipuhohi {MR+ Dex+2} (You acquired
                  | it on level 1 of the Realm of Zot)
 48823 | Zot:2    | Reached skill level 10 in Evocations
 49872 | Zot:3    | Noticed an orb of fire
 49885 | Zot:3    | Gained mutation: Your spells are a little easier to cast,
                  | but a little less powerful. [an orb of fire]
 49886 | Zot:3    | Killed an orb of fire
 50112 | Zot:3    | Noticed an ancient lich
 50122 | Zot:3    | Killed an ancient lich
 50544 | Zot:4    | Reached skill level 15 in Evocations
 51319 | Zot:5    | Entered Level 5 of the Realm of Zot
 51324 | Zot:5    | Noticed an orb of fire
 51335 | Zot:5    | Gained mutation: You are agile. (Dex +2) [an orb of fire]
 51337 | Zot:5    | Killed an orb of fire
 51418 | Zot:5    | Found a large runed translucent door.
 51418 | Zot:5    | Found a large runed translucent door.
 51419 | Zot:5    | Noticed inmateoo's ghost (veteran MiFi)
 51452 | Zot:5    | Killed inmateoo's ghost
 51458 | Zot:5    | Got a glittering bone ring
 51459 | Zot:5    | Identified the ring of Nogan {-Tele rElec Int+2 SInv
                  | Stlth+} (You found it on level 5 of the Realm of Zot)
 51553 | Zot:5    | Noticed an ancient lich
 51565 | Zot:5    | Killed an ancient lich
 51593 | Zot:5    | Noticed an orb of fire
 51596 | Zot:5    | Noticed an ancient lich
 51598 | Zot:5    | Gained mutation: Potions are less effective at restoring
                  | your health. [an orb of fire]
 51601 | Zot:5    | Noticed an ancient lich
 51608 | Zot:5    | Gained mutation: Your body sometimes deteriorates upon
                  | taking damage. [an orb of fire]
 51614 | Zot:5    | Killed an ancient lich
 51614 | Zot:5    | Killed an ancient lich
 51616 | Zot:5    | Gained mutation: You are weak. (Str -2) [an orb of fire]
 51618 | Zot:5    | Killed an orb of fire
 52082 | Zot:5    | Noticed an orb of fire
 52086 | Zot:5    | Noticed an orb of fire
 52088 | Zot:5    | Gained mutation: Scrolls take you a little longer to read.
                  | [an orb of fire]
 52092 | Zot:5    | Noticed an ancient lich
 52093 | Zot:5    | Noticed an orb of fire
 52096 | Zot:5    | Noticed an orb of fire
 52102 | Zot:5    | Noticed an ancient lich
 52108 | Zot:5    | Killed an ancient lich
 52119 | Zot:5    | Killed an ancient lich
 52124 | Zot:5    | Gained mutation: You tend to lose your temper in combat.
                  | [an orb of fire]
 52125 | Zot:5    | Gained mutation: Your body often deteriorates upon taking
                  | damage. [an orb of fire]
 52127 | Zot:5    | Killed an orb of fire
 52128 | Zot:5    | Gained mutation: Scrolls take you longer to read. [an orb
                  | of fire]
 52132 | Zot:5    | Gained mutation: You occasionally shout uncontrollably at
                  | your foes. [an orb of fire]
 52140 | Zot:5    | Lost mutation: You are very robust. (+20% HP) [an orb of
                  | fire]
 52144 | Zot:5    | Lost mutation: You are robust. (+10% HP) [an orb of fire]
 52146 | Zot:5    | Killed an orb of fire
 52151 | Zot:5    | Killed an orb of fire
 52159 | Zot:5    | Killed an orb of fire
 52700 | Zot:5    | Lost mutation: You occasionally shout uncontrollably at
                  | your foes. [potion of mutation]
 52700 | Zot:5    | Gained mutation: Your movements are slightly less
                  | encumbered by armour. (ER -2) [potion of mutation]
 52701 | Zot:5    | Lost mutation: You are agile. (Dex +2) [potion of mutation]
 52701 | Zot:5    | Lost mutation: Your body often deteriorates upon taking
                  | damage. [potion of mutation]
 52701 | Zot:5    | Lost mutation: Your spells are a little easier to cast, but
                  | a little less powerful. [potion of mutation]
 52701 | Zot:5    | Lost mutation: Scrolls take you longer to read. [potion of
                  | mutation]
 52701 | Zot:5    | Gained mutation: You have sharp toenails. [potion of
                  | mutation]
 52701 | Zot:5    | Gained mutation: You are partially covered in molten
                  | scales. (AC +2) [potion of mutation]
 52702 | Zot:5    | Lost mutation: You are resistant to hostile enchantments.
                  | (MR+) [potion of mutation]
 52702 | Zot:5    | Lost mutation: You have sharp toenails. [potion of
                  | mutation]
 52702 | Zot:5    | Lost mutation: You tend to lose your temper in combat.
                  | [potion of mutation]
 52702 | Zot:5    | Lost mutation: Your skin changes colour to match your
                  | surroundings (Stealth+). [potion of mutation]
 52702 | Zot:5    | Gained mutation: Your body often deteriorates upon taking
                  | damage. [potion of mutation]
 52702 | Zot:5    | Lost mutation: Scrolls take you a little longer to read.
                  | [potion of mutation]
 52702 | Zot:5    | Gained mutation: Your system is resistant to poisons.
                  | (rPois) [potion of mutation]
 52703 | Zot:5    | Lost mutation: Your system is resistant to poisons. (rPois)
                  | [potion of mutation]
 52703 | Zot:5    | Lost mutation: You are weak. (Str -2) [potion of mutation]
 52703 | Zot:5    | Lost mutation: Your body often deteriorates upon taking
                  | damage. [potion of mutation]
 52703 | Zot:5    | Lost mutation: Your body sometimes deteriorates upon taking
                  | damage. [potion of mutation]
 52703 | Zot:5    | Gained mutation: You are partially covered in large bone
                  | plates. (SH +4) [potion of mutation]
 52703 | Zot:5    | Gained mutation: You are resistant to hostile enchantments.
                  | (MR+) [potion of mutation]
 52703 | Zot:5    | Lost mutation: You are resistant to hostile enchantments.
                  | (MR+) [potion of mutation]
 52703 | Zot:5    | Gained mutation: You have sharp toenails. [potion of
                  | mutation]
 52708 | Zot:5    | Got the Orb of Zot
 53369 | D:$      | Escaped with the Orb!

Levels and vault maps discovered:
D:1:      kennysheep_arrival_forest, layout_rooms
D:2:      minmay_angry_zag, layout_loops_corners, elyvilon_altar_3,
          chequers_ecumenical_altar_simple, minmay_close_crescents
D:3:      layout_loops_corners, uniq_natasha
D:4:      layout_rooms, grunt_temple_overflow_champion_of_chaos, first_ration,
          uniq_ijyb
D:5:      gammafunk_cloud_chamber, layout_basic, ashenzari_conservatory_becter,
          minmay_temple_entry_mini_moons, serial_shops,
          nicolae_shop_behind_doors
D:6:      layout_basic
D:7:      layout_basic, serial_shops, shop, shop_statue, kennysheep_mini,
          nicolae_shop_statue_plus, nicolae_shop_behind_doors,
          uniq_crazy_yiuf_cottage
D:8:      layout_rooms, tso_altar, eat_drink_and_be_merry_uskayaw,
          lemuel_crystal_altar, nicolae_overflow_crystal_walls, minivault_23
D:9:      layout_rooms, orc_0_dummy, uniq_grum, uniq_pikel, uniq_harold,
          uniq_erolcha, uniq_joseph
D:10:     layout_basic, david_lair_generic
D:11:     minmay_chambers_of_sevens, layout_basic
D:12:     layout_cave_pools, serial_shops,
          nicolae_shop_temple_entry_statues_fountains, hangedman_stone_soup,
          lightli_minifort, uniq_maurice
D:13:     layout_loops_cross
D:14:     layout_basic, erik_vaults_2, kennysheep_cross_bottleneck, uniq_azrael
D:15:     grunt_enter_depths_hoard, layout_basic, minmay_misc_feat_encased
Temple:   eino_temple_lava
Lair:1:   layout_regular_city
Lair:2:   layout_big_grid, minmay_shoals_entry_centaurs
Lair:3:   layout_roguey, beast_lair_carwin_4, grunt_megastairs_2
Lair:4:   layout_big_grid, minmay_snake_entry_guardpost_large,
          lemuel_fruit_tree, grunt_megastairs_4
Lair:5:   layout_cave_shapes, minmay_slime_entry_oklob_enclosed,
          nicolae_volcano_entry_lava_flow
Lair:6:   evilmike_catoblepas_cave, layout_gridlike, eino_house_with_fridge,
          grunt_megastairs_3
Shoals:1: layout_shoals, serial_shops, shop
Shoals:2: layout_shoals
Shoals:3: layout_shoals, serial_shops, shop, hangedman_shoals_cup_caves
Shoals:4: shoals_end_hangedman, layout_shoals, shoals_ilsuiw_ice,
          nicolae_shoals_isolated_beach
Snake:1:  layout_chambers, portal_ice_cave_entry_pillars_1,
          hangedman_corner_corridor
Snake:2:  layout_misc_corridors, grunt_ministairs_9, drop_trap, st_stairs_8
Snake:3:  gammafunk_the_bubble [the_bubble_gammafunk_crates], layout_basic,
          uniq_vashnia
Snake:4:  minmay_snake_end_coiled, layout_cave_town, uniq_bai_suzhen
Slime:1:  layout_caves, cheibrodos_slime_lost_civilization_4
Slime:2:  layout_caves
Slime:3:  layout_caves, nicolae_slime_barrier
Slime:4:  layout_caves, nicolae_slime_welcoming_committee
Slime:5
Orc:1:    layout_diamond_mine, basic_altar, uniq_snorg
Orc:2:    st_orc_ogre_mass, layout_caves, basic_altar, special_room,
          minmay_orc_temple_b
Elf:1:    eino_elf_arrival_altar, layout_rooms, minivault_28
Elf:2:    layout_rooms, ploomutoo_gammafunk_ghost_potion_laboratory,
          minmay_misc_feat_ornament
Elf:3:    elf_hall, layout_gridlike
Vaults:1: v_misc_9, v_misc_25, v_misc_10, v_misc_15, grunt_vaults_trifunnel,
          nicolae_vaults_circle_grid_a, ontoclasm_vaults_decontamination,
          v_misc_4, vaults_dpeg_encased_lava, vaults_dpeg_cross,
          vaults_room_hallway, v_alt_pattern_4, nicolae_vaults_asterisk,
          v_pattern_3, layout_vaults_omnibox, uniq_saint_roka
Vaults:2: grunt_vaults_bifocal, minmay_crypt_entry_simple_plaza,
          v_alt_pattern_6, nicolae_vaults_minivaults, nicolae_vaults_what_the_h,
          vaults_mumra_hex, hangedman_vaults_trim,
          nicolae_vaults_network_barrier, hangedman_vaults_impose,
          nicolae_vaults_three_branches, grunt_vaults_hallway_long,
          hangedman_vaults_stretched_pinwheel, v_misc_14,
          layout_vaults_maze_snakey, uniq_nikola
Vaults:3: v_misc_16, hangedman_vaults_corner, v_misc_29, vaults_room_corners,
          grunt_vaults_funnel, v_misc_27, ontoclasm_vaults_loading_screen,
          layout_vaults_chaotic_city
Vaults:4: vaults_room_large_hall, ontoclasm_vaults_gateway,
          nicolae_vaults_network_s, v_misc_28, ontoclasm_vaults_ring_large,
          v_misc_26, nicolae_vaults_diagonal_hallway_7,
          ontoclasm_vaults_ring_square, v_misc_28, vaults_room_fours, v_misc_24,
          serial_ice_b, v_misc_5, vaults_dpeg_hooks, layout_vaults_omnicross,
          uniq_sojobo, uniq_donald, uniq_frederick
Vaults:5: serial_shops
Depths:1: layout_long_grid, enter_ziggurat_e, abyss_entry,
          minmay_tree_intersection, hangedman_coc_ice_floe,
          minmay_protected_statue, serial_bayou_shore_a
Depths:2: minmay_the_grid_3x2 [minmay_the_grid_paths, minmay_the_grid_x,
          minmay_the_grid_slots, minmay_the_grid_doors,
          minmay_the_grid_stretched_grid, minmay_the_grid_prize_inner_circle],
          layout_basic, minmay_room_of_horrors, grunt_pan_entry_spiral,
          hell_entry
Depths:3: angbandy_vault, layout_basic, serial_shops, statue_bzr,
          minmay_misc_feat_five, hell_entry, pan_entry, kennysheep_nondescript,
          serial_bayou_ford_a
Depths:4: due_chaos_kobolds, layout_cave_shapes, lightli_too_deep,
          abyss_entry_small_statue_room, minmay_staircase_windowed_large
Depths:5: grunt_twist_and_shout, layout_basic, hell_entry, minmay_shop_grove,
          uniq_jory
Zot:1:    layout_misc_corridors, amethyst_zot_foddershock
Zot:2:    layout_gridlike, kennysheep_underground_church
Zot:3:    layout_misc_corridors, lemuel_lich_library
Zot:4:    layout_twisted_circle, hangedman_zot_decor_slant, lemuel_elevator
Zot:5:    layout_basic, ebering_ghost_disaster_area

Skill      XL: |  1  2  3  4  5  6  7  8  9 10 11 12 13 14 15 16 17 18 19 20 21 22 23 24 25 26 27 |
---------------+----------------------------------------------------------------------------------+-----
Fighting       | 4 5 7 8 10 12 14 15 16 17 19 20 21 23 26 27 | 27.0
Axes           | 3 4 5 7 8 11 13 14 15 16 17 19 20 21 23 24 25 26 27 | 27.0
Shields        | 4 5 7 8 10 11 12 13 14 15 16 18 20 22 23 25 27 | 27.0
Armour         | 4 5 7 8 10 11 12 13 14 15 16 17 19 20 23 27 | 27.0
Invocations    | 2 4 6 7 8 |  8.0
Dodging        | 1 2 3 |  3.3
Evocations     | 1 2 3 4 7 20 | 20.9

Action                   |  1- 3 |  4- 6 |  7- 9 | 10-12 | 13-15 | 16-18 | 19-21 | 22-24 | 25-27 || total
-------------------------+-------+-------+-------+-------+-------+-------+-------+-------+-------++-------
Melee: War axe           |   101 |   130 |    89 |       |       |       |       |       |       ||   320
       Headbutt          |    12 |    15 |    58 |   122 |   195 |   240 |   256 |   342 |   481 ||  1721
       Hand axe          |       |       |   155 |   479 |       |       |       |       |       ||   634
       Broad axe         |       |       |       |    44 |   772 |   785 |  1135 |  1403 |  1572 ||  5711
Invok: Heroism           |       |       |       |     6 |     4 |       |       |       |       ||    10
       Finesse           |       |       |       |     1 |     2 |       |       |       |       ||     3
       Divine Shield     |       |       |       |       |       |     2 |     2 |     2 |     3 ||     9
       Brand Weapon With |       |       |       |       |       |       |       |       |     1 ||     1
       Summon Divine War |       |       |       |       |       |       |       |       |     3 ||     3
Evoke: Wand              |       |       |     1 |    33 |     3 |     2 |       |       |    12 ||    51
       Lamp of fire      |       |       |       |     1 |     2 |       |     2 |     2 |       ||     7
       Lightning rod     |       |       |       |       |       |       |       |     5 |       ||     5
       Phantom mirror    |       |       |       |       |       |       |       |       |     9 ||     9
       Box of beasts     |       |       |       |       |       |       |       |       |     2 ||     2
  Use: Potion            |       |     1 |       |       |     2 |     3 |       |     9 |    14 ||    29
       Scroll            |       |       |     7 |    24 |    12 |     5 |    12 |    11 |    13 ||    84
 Stab: Distracted        |       |       |       |     1 |       |       |       |       |       ||     1
  Eat: Chunk             |       |     6 |    12 |    14 |    26 |     9 |    17 |    20 |    19 ||   123
       Ration            |       |       |       |     1 |       |     2 |     3 |     3 |     7 ||    16
Armor: Scale mail        |    45 |    52 |     7 |       |       |       |       |       |       ||   104
       Chain mail        |       |       |    81 |    26 |       |       |       |       |       ||   107
       Plate armour      |       |       |       |   153 |   106 |       |       |       |       ||   259
       Skin              |       |       |       |    10 |       |       |       |       |       ||    10
       Gold dragon scale |       |       |       |       |   137 |   386 |   481 |   644 |   708 ||  2356
Dodge: Dodged            |    41 |    29 |    38 |   116 |   118 |   127 |   177 |   306 |   421 ||  1373
Block: Shield            |    65 |    60 |   113 |   268 |   343 |   413 |   775 |  1219 |  1376 ||  4632
